 Dungeon Crawl Stone Soup version 0.31-a0-460-g9e667d4245 (webtiles) character file.

Game seed: 15474933919010243372

98 MisterAzrael the Ruffian (level 4, -1/29 HPs)
             Began as an Octopode Shapeshifter on Aug 4, 2023.
             Was an Initiate of Yredelemnul.
             Slain by a gnoll
             ... wielding a +0 whip
              (8 damage)
             ... on level 3 of the Dungeon.
             The game lasted 00:02:14 (1898 turns).

MisterAzrael the Ruffian (Octopode Shapeshifter)    Turns: 1898, Time: 00:02:15

Health: -1/29      AC:  1    Str: 16    XL:     4   Next: 69%
Magic:  4/4        EV: 13    Int: 10    God:    Yredelemnul [......]
Gold:   84         SH:  0    Dex: 12    Spells: 3/3 levels left

rFire   . .          .
                       - Unarmed
rCold   . . .        (no shield)
rNeg    . . .        (helmet currently unavailable)
rPois   .            (no amulet)
rElec   .            (no ring)
rCorr   .            (no ring)
SInv    .            (no ring)
Will    .....        (no ring)
Stlth   ++           (no ring)
HPRegen 0.24/turn    (no ring)
MPRegen 0.09/turn    (no ring)
                     (no ring)

%: no passive effects
@: beast-form
A: beast (slay +2), almost no armour, amphibious, 8 rings, camouflage 1,
gelatinous body 1, (nimble swimmer 1), tentacles
a: Begin Untransformation, Renounce Religion, Recall Undead Harvest


You were on level 3 of the Dungeon.
You worshipped Yredelemnul.
Yredelemnul was noncommittal.
You were a hulking beast.
You visited 1 branch of the dungeon, and saw 3 of its levels.

You collected 84 gold pieces.

Inventory:

Missiles
 h - 5 curare-tipped darts
 k - 10 poisoned darts (quivered)
Jewellery
 e - a ring of positive energy
 g - a ring of see invisible
Talismans
 b - a beast talisman (active)
Scrolls
 f - a scroll of immolation {unknown}
 i - a scroll of fog {unknown}
 j - a scroll of blinking
Potions
 a - a potion of lignification
 c - a potion of attraction {unknown}
 d - 3 potions of curing {unknown}
 l - a potion of haste {unknown}
 m - a potion of heal wounds {unknown}


   Skills:
 + Level 1.9 Fighting
 + Level 0.9 Throwing
 + Level 2.7 Dodging
 * Level 3.9 Unarmed Combat
 + Level 3.3 Shapeshifting


You had 3 spell levels left.
You didn't know any spells.
Your spell library contained the following spells:

 Spells                   Type           Power      Damage    Failure   Level
 Blink                    Tloc           0%         N/A       50%         2
 Manifold Assault         Tloc           0%         N/A       98%         4


Dungeon Overview and Level Annotations

Branches:
Dungeon (3/15)

Altars:
Yredelemnul

Annotations:
D:3 3 runed translucent doors, hgbash's ghost, amateur GrEE


Innate Abilities, Weirdness & Mutations

You are a hulking beast.
Your limbs bulge with bestial killing power. (Slay +2)
You cannot wear most types of armour.
You are amphibious.
You can wear up to eight rings at the same time.
Your skin changes colour to match your surroundings (Stealth+).
Your rubbery body absorbs attacks. (AC +1, EV +1)
((You are camouflaged when in or above water. (Stealth+)))
You have tentacles for arms and can constrict up to eight enemies at once.


Message History

You curl up in front of the altar of Yredelemnul.
Yredelemnul welcomes you!
You can now reap souls.
You can now recall your undead harvest.
You now have 59 gold pieces (gained 9).
You now have 66 gold pieces (gained 7).
You now have 77 gold pieces (gained 11).
m - a glowing pink potion You now have 84 gold pieces (gained 7).
There is an open door here.
You see here a rat corpse.
Found a stone staircase leading down.
You open the door. 3 gnolls come into view.
The gnoll shouts!
Found 7 gold pieces.
There is an open door here.
Found 10 large rocks, 4 stones and a yellow potion.
The gnoll misses you.
You barely miss the gnoll.
The gnoll shouts! x2
Your grab misses the gnoll. You squeeze the gnoll!
You kill the gnoll!
The dead are walking!
Hgbash's ghost turns its malevolent gaze towards you.
The gnoll barely misses you.
You barely miss the gnoll. Your grab misses the gnoll.
The gnoll hits you with a +0 whip.
The gnoll hits you from afar with a +0 halberd.
You barely miss the gnoll. Your grab misses the gnoll.
Your squeeze misses the gnoll.
Your gnoll zombie hits the gnoll but does no damage.
The gnoll completely misses you. The gnoll closely misses you.
You throw a poisoned dart. The poisoned dart hits the gnoll.
The gnoll is poisoned.
Your gnoll zombie hits the gnoll but does no damage.
The gnoll hits you from afar with a +0 halberd!
* * * LOW HITPOINT WARNING * * *
The gnoll hits you with a +0 whip!
You die...
Your body rises from the dead as a mindless zombie.

...#.....#...(.(. #..#...#
...#.##..#♣(....!###.#...#
'###†....#....(..# #.....#
.........#..(....# #...###
##....#..#(..W.(.###.#..#
###########+++###...##.#
#.......#'####...
#................>
##...gh...########
#.$...)Z.# #.....g..#
#.......... ########.....
..... ..... ####


You could see hgbash's ghost, 2 gnolls and a friendly gnoll zombie.

Vanquished Creatures
  An iguana (D:3)
  A gnoll (D:3)
  3 dart slugs
  3 ball pythons
  9 bats
  5 endoplasms
  2 giant cockroaches
  5 goblins
  4 hobgoblins
  9 kobolds
  3 quokkas
  5 frilled lizards
  5 rats
55 creatures vanquished.

Notes
Turn   | Place    | Note
-------+----------+-------------------------------------------
     0 | D:1      | MisterAzrael the Octopode Shapeshifter began the quest for
                  | the Orb.
     0 | D:1      | Reached XP level 1. HP: 13/13 MP: 1/1
    93 | D:1      | Reached XP level 2. HP: 10/18 MP: 2/2
   607 | D:1      | Reached XP level 3. HP: 20/23 MP: 3/3
  1376 | D:2      | Identified the +1 ring mail "Meumuar" {rN++ Dex-3}
  1579 | D:3      | Reached XP level 4. HP: 11/29 MP: 4/4
  1809 | D:3      | Found a basalt altar of Yredelemnul.
  1846 | D:3      | Became a worshipper of Yredelemnul the Dark
  1893 | D:3      | Found a runed translucent gate.
  1893 | D:3      | Found a runed translucent gate.
  1893 | D:3      | Found a runed translucent gate.
  1893 | D:3      | Noticed hgbash's ghost (amateur GrEE)
  1898 | D:3      | Slain by a gnoll

Illustrated notes

Levels and vault maps discovered:
D:1:      ncdulo_halloftheorcs, layout_loops_ring, serial_forest,
          infiniplex_forest_straight_3, infiniplex_forest_lined_3_way,
          infiniplex_forest_straight_5, infiniplex_forest_lined_room_3,
          infiniplex_forest_end_2, infiniplex_forest_straight_3,
          infiniplex_forest_clump_tiny, corexii_item_surrounded_by_moat
D:2:      layout_loops_ring
D:3:      layout_basic, amcnicky_altar_gilded, ebering_ghost_rock_garden,
          uniq_terence

Action                     |  1- 3 |  4- 6 || total
---------------------------+-------+-------++-------
  Melee: Unarmed           |    96 |    13 ||   109
         Constrict         |    21 |     2 ||    23
         Tentacles         |    12 |     4 ||    16
  Throw: Dart              |       |     8 ||     8
    Use: Scroll            |     4 |       ||     4
   Stab: Distracted        |     2 |       ||     2
         Sleeping          |     7 |       ||     7
 Armour: Skin              |     7 |     1 ||     8
  Dodge: Dodged            |    50 |     9 ||    59

Table legend: (Time is in decaauts)
 A = Elapsed time spent in this place.
 B = Non-inter-level travel time spent in this place.
 C = Inter-level travel time spent in this place.
 D = Time resting spent in this place.
 E = Time spent auto-exploring this place.
 F = Levels seen in this place.
 G = Mean time per level.
                   A        B        C        D        E       F      G
               +--------+--------+--------+--------+--------+-----+--------+
         Total |   1890 |   1829 |     61 |     74 |   1372 |   3 |  630.0 |
       Dungeon |   1890 |   1829 |     61 |     74 |   1372 |   3 |  630.0 |
               +--------+--------+--------+--------+--------+-----+--------+

Top non-repeatable levels by time:
     D:1: 883 daAuts
     D:2: 665 daAuts
     D:3: 342 daAuts
